 Dungeon Crawl Stone Soup version 0.29.1-2-gbd0b4ee654 (webtiles) character file.

Game seed: 12935642015041542191

49 Hadkhar the Chopper (level 4, 0/35 HPs)
             Began as a Human Chaos Knight on Nov 11, 2022.
             Was a Plaything of Xom.
             Slain by Robin
             ... wielding a +1 short sword of venom
              (4 damage)
             ... on level 2 of the Dungeon.
             The game lasted 00:08:10 (960 turns).

Hadkhar the Chopper (Human Chaos Knight)             Turns: 960, Time: 00:08:11

Health: 0/35       AC:  9    Str: 15    XL:     4   Next: 1%
Magic:  4/4        EV: 10    Int: 12    God:    Xom [....*.]
Gold:   57         SH:  0    Dex: 12    Spells: 3/3 levels left

rFire   . . .      SeeInvis .   a - +0 hand axe (chaos)
rCold   . . .      Faith    .   (no shield)
rNeg    . . .      Spirit   .   d - +3 ring mail
rPois   .          Reflect  .   g - +0 helmet
rElec   .          Harm     .   (no cloak)
rCorr   .          Rampage  .   (no gloves)
Will    .....                   (no boots)
Stlth   +.........              (no amulet)
HPRegen 0.11/turn               (no ring)
MPRegen 0.09/turn               (no ring)

@: lethally poisoned (0 -> -12)
A: no striking features
a: Renounce Religion


You were on level 2 of the Dungeon.
You worshipped Xom.
You were a beloved toy of Xom.
You visited 1 branch of the dungeon, and saw 2 of its levels.

You collected 57 gold pieces.

Inventory:

Hand Weapons
 a - a +0 hand axe of chaos (weapon)
Armour
 d - a +3 ring mail (worn)
 g - a +0 helmet (worn)
Scrolls
 b - a scroll of teleportation {unknown}
 e - a scroll of blinking {unknown}
 h - 2 scrolls of identify {unknown}
 i - a scroll of fear {unknown}
 j - a scroll of poison {unknown}
Potions
 f - a potion of lignification {unknown}
 k - a potion of flight {unknown}
 l - a potion of mutation {unknown}
Miscellaneous
 c - a piece from Xom's chessboard (15/15) (quivered)


   Skills:
 + Level 3.4 Fighting
 + Level 3.4 Axes
 + Level 2.5 Armour
 - Level 1.0 Dodging
 + Level 1.5 Stealth


You had 3 spell levels left.
You didn't know any spells.
Your spell library was empty.

Dungeon Overview and Level Annotations

Branches:
Dungeon (2/15)

Altars:

Annotations:
D:2 Robin


Message History

You kill the hobgoblin!
You have reached level 4!
You feel stronger.
You hit Robin but do no damage. Robin closely misses you.
You hit Robin but do no damage.
Robin is poisoned.
Robin laughs in a distinctly smug fashion.
Robin hits you with a +1 short sword of venom.
You are poisoned.
You hit Robin but do no damage.
You feel sick.
Robin hits you with a +1 short sword of venom.
You are more poisoned.
You hit Robin.
Robin is moderately wounded.
You feel sick. Robin closely misses you.
You hit Robin.
Robin seems to speed up.
Xom is highly amused!
Robin is severely wounded.
You feel sick.
Robin points. "Kill!"
Robin hits you but does no damage.
You are more poisoned.
Robin hits you with a +1 short sword of venom.
You hit Robin but do no damage.
Robin is heavily wounded.
You feel very sick. Robin misses you.
Robin hits you with a +1 short sword of venom.
You are lethally poisoned!
You completely miss Robin.
Robin is severely wounded.
* * * LOW HITPOINT WARNING * * *
You feel very sick. Robin closely misses you.
You hit Robin but do no damage.
Robin is severely wounded.
* * * LOW HITPOINT WARNING * * *
You feel very sick. Robin misses you.
Robin hits you with a +1 short sword of venom.
You die...

#####################
####.wg@)...............
#....###################
#..#### .... ....


.gg g. g You could see Robin (fast, poisoned) and a dart slug.

Vanquished Creatures
  An adder (D:2)
  A worm (D:2)
  5 ball pythons (D:1)
  A bat (D:1)
  3 giant cockroaches (D:1)
  7 hobgoblins
  2 jackals (D:1)
  A kobold (D:1)
  A quokka (D:1)
  2 frilled lizards (D:1)
  5 goblins (D:2)
  3 rats (D:1)
32 creatures vanquished.

Vanquished Creatures (others)
  A plant (D:2)
1 creature vanquished.

Grand Total: 33 creatures vanquished

Notes
Turn   | Place    | Note
-------+----------+-------------------------------------------
     0 | D:1      | Hadkhar the Human Chaos Knight began the quest for the Orb.
     0 | D:1      | Reached XP level 1. HP: 18/18 MP: 1/1
    62 | D:1      | XOM: silly message
    99 | D:1      | Reached XP level 2. HP: 21/24 MP: 2/2
   650 | D:1      | Found a faded altar of an unknown god.
   652 | D:1      | XOM: blink monster(s)
   661 | D:1      | Reached skill level 1 in Stealth
   693 | D:1      | Reached XP level 3. HP: 29/29 MP: 3/3
   918 | D:2      | Noticed Robin
   924 | D:2      | XOM: enchant monster (good)
   953 | D:2      | Reached XP level 4. HP: 30/35 MP: 4/4
   960 | D:2      | Slain by Robin

Illustrated notes

Levels and vault maps discovered:
D:1:      mrwooster_arrival_statue_2, layout_basic,
          hellmonk_ecumenical_altar_dog_temple, minmay_misc_feat_pillars
D:2:      layout_basic, chequers_big_river, st_stairs_1, uniq_robin

Skill      XL: |  1  2 |
---------------+-------+-----
Stealth        | 1 |  1.5
Fighting       | |  3.4
Axes           | |  3.4
Armour         | |  2.5
Dodging        | |  1.0

Action                   |  1- 3 |  4- 6 || total
-------------------------+-------+-------++-------
Melee: Hand axe          |    86 |     8 ||    94
       Punch             |     1 |       ||     1
 Stab: Confused          |     1 |       ||     1
       Petrified         |     4 |       ||     4
       Petrifying        |     1 |       ||     1
Armor: Ring mail         |    35 |     1 ||    36
Dodge: Dodged            |    43 |     5 ||    48
